 Dungeon Crawl Stone Soup version 0.24-a0-307-gf989941 (webtiles) character file.

Game seed: 18076334446111742742

53 galech the Skirmisher (level 3, -2/29 HPs)
             Began as a Demonspawn Fighter on May 13, 2019.
             Slain by Sigmund
             ... wielding a +0 scythe
              (7 damage)
             ... on level 2 of the Dungeon.
             The game lasted 00:01:01 (503 turns).

galech the Skirmisher (Demonspawn Fighter)           Turns: 503, Time: 00:01:02

Health: -2/29      AC: 11    Str: 21    XL:     3   Next: 62%
Magic:  3/3        EV:  5    Int:  9    God:
Gold:   41         SH:  9    Dex: 13    Spells: 2/2 levels left

rFire    . . .     SeeInvis .   a - +0 war axe
rCold    . . .     Gourm    .   c - +0 shield
rNeg     . . .     Faith    .   j - +0 chain mail (curse)
rPois    .         Spirit   .   k - +0 helmet
rElec    .         Reflect  .   b - +0 cloak {MR+}
rCorr    .         Harm     .   (no gloves)
MR       +....                  (no boots)
Stlth    ..........             (no amulet)
HPRegen  0.09/turn              (no ring)
MPRegen  0.08/turn              (no ring)

@: mighty
A: hooves 1, spiny 1
a: no special abilities


You were on level 2 of the Dungeon.
You were not hungry.

You visited 1 branch of the dungeon, and saw 2 of its levels.

You collected 41 gold pieces.

Inventory:

Hand Weapons
 a - a +0 war axe (weapon)
Armour
 b - a +0 cloak of magic resistance (worn)
 c - a +0 shield (worn)
 j - a cursed +0 chain mail (worn)
 k - a +0 helmet (worn)
Scrolls
 e - 2 scrolls of remove curse {unknown}
 g - a scroll of fear {unknown}
Potions
 h - a potion of ambrosia {unknown}
Comestibles
 f - 5 rations
 i - 22 chunks of flesh


   Skills:
 + Level 3.2 Fighting
 + Level 2.4 Axes
 + Level 3.1 Armour
 + Level 0.4 Dodging
 + Level 0.2 Stealth
 + Level 3.1 Shields


You had 2 spell levels left.
You didn't know any spells.
Your spell library was empty.

Dungeon Overview and Level Annotations

Branches:
Dungeon (1/15)

Altars:

Annotations:
D:2 Sigmund


Innate Abilities, Weirdness & Mutations

You have large cloven feet.
You are partially covered in sharp spines.


Message History

A magic dart appears from out of thin air!
The magic dart hits you!
The centaur shoots an arrow.
The arrow hits you but does no damage.
You closely miss something.
The centaur shoots an arrow.
The arrow hits you but does no damage. Something hits you!
The centaur shoots an arrow.
You block the arrow.
You hear some strange, mumbled words.
A magic dart appears from out of thin air!
The magic dart hits you!
* * * LOW HITPOINT WARNING * * *
The centaur unwields a +0 shortbow.
You block the centaur's attack.
You hit the centaur.
The centaur is moderately wounded.
You slash something! Something hits you but does no damage.
You block the centaur's attack.
The centaur hits you but does no damage.
You closely miss the centaur. You kick the centaur!
The centaur is severely wounded.
You slash something! Something hits you!
You die...

### ###### ###
.......... ....
#..#....##...#
#...#..#..#..
#..###...###.
#...#.c...#..
#..@{...... ##.(.......
##..........
#..#.....#..
#.###...###.
#############..#.....#..
........................
.....................#.#
####################.#.#


You could see a centaur.

Vanquished Creatures
  Robin (D:2)
  A worm (D:2)
  3 bats
  2 giant cockroaches (D:1)
  18 goblins
  3 hobgoblins (D:2)
  A frilled lizard (D:1)
  3 kobolds
  2 rats
34 creatures vanquished.

Notes
Turn   | Place    | Note
-------+----------+-------------------------------------------
     0 | D:1      | galech the Demonspawn Fighter began the quest for the Orb.
     0 | D:1      | Reached XP level 1. HP: 18/18 MP: 1/1
   210 | D:1      | Gained mutation: You have large cloven feet. [demonic
                  | ancestry]
   210 | D:1      | Reached XP level 2. HP: 22/24 MP: 2/2
   236 | D:1      | You fall through a shaft!
   327 | D:2      | Gained mutation: You are partially covered in sharp spines.
                  | [demonic ancestry]
   327 | D:2      | Reached XP level 3. HP: 20/29 MP: 3/3
   413 | D:2      | Noticed Robin
   421 | D:2      | Killed Robin
   495 | D:2      | Noticed Sigmund
   495 | D:2      | Noticed a centaur
   503 | D:2      | Slain by Sigmund

Levels and vault maps discovered:
D:1:      tarquinn_simple_flora_water_e, layout_loops_corners
D:2:      kennysheep_the_goblin_king, layout_basic, minmay_strange_pillars,
          uniq_sigmund, uniq_robin

Skill      XL: |  1  2  3 |
---------------+----------+-----
Armour         | 3 |  3.1
Axes           | 2 |  2.4
Shields        | 3 |  3.1
Fighting       | |  3.2
Dodging        | |  0.4
Stealth        | |  0.2

Action                   || total
-------------------------++-------
Melee: War axe           ||    71
       Kick              ||    10
  Use: Potion            ||     1
Armor: Scale mail        ||    14
       Chain mail        ||    30
Dodge: Dodged            ||    17
Block: Shield            ||    44

Table legend:
 A = Non-vault XP
 B = Vault XP
 C = Vault XP percentage of total XP
 D = Non-vault monster count
 E = Vault monster count
 F = Vault count percentage of total count
                 A         B        C        D         E       F
            +---------+---------+-------+---------+---------+-------
      Total |      30 |      46 |  60.5 |      16 |      18 |  52.9
            +---------+---------+-------+---------+---------+-------
        D:1 |      17 |       0 |   0.0 |      10 |       0 |   0.0
        D:2 |      13 |      46 |  78.0 |       6 |      18 |  75.0
            +---------+---------+-------+---------+---------+-------
